 Dungeon Crawl Stone Soup version 0.30-a0-414-gcb316572d5 (webtiles) character file.

Game seed: 6540569700260585770

179 p00ps00p the Trooper (level 5, -2/70 HPs)
             Began as a Hill Orc Fighter on Dec 8, 2022.
             Slain by a gnoll
             ... wielding a +0 flail
              (4 damage)
             ... on level 4 of the Dungeon.
             The game lasted 00:03:09 (2098 turns).

p00ps00p the Trooper (Hill Orc Fighter)             Turns: 2098, Time: 00:03:09

Health: -2/70      AC: 22    Str: 21    XL:     5   Next: 59%
Magic:  5/5        EV:  2    Int:  8    God:
Gold:   159        SH:  4    Dex: 10    Spells: 4/4 levels left

rFire   . . .      SeeInvis .    a - +0 war axe
rCold   . . .      Faith    .    c - +0 buckler
rNeg    . . .      Spirit   .    (body armour currently unavailable)
rPois   +          Reflect  .    (helmet currently unavailable)
rElec   .          Harm     .    (cloak currently unavailable)
rCorr   .          Rampage  .    (gloves currently unavailable)
Will    .....      NoTele   +    (boots currently unavailable)
Stlth   +.........               (no amulet)
HPRegen 0.31/turn                h - +4 ring of evasion
MPRegen 0.09/turn                (no ring)

@: mighty, lethally poisoned (-2 -> -7), tree-form, hasted, very quick
A: stationary, stasis, torment immunity, boosted hp
a: no special abilities


You were on level 4 of the Dungeon.
You were a tree.
You visited 1 branch of the dungeon, and saw 4 of its levels.

You collected 159 gold pieces.

Inventory:

Hand Weapons
 a - a +0 war axe (weapon)
Armour
 b - a +0 scale mail (melded)
 c - a +0 buckler (worn)
 i - a +0 cloak (melded)
 p - a +1 pair of boots (melded)
Jewellery
 h - a +4 ring of evasion (left branch)
 o - a +6 ring of intelligence
Scrolls
 j - 2 scrolls of teleportation {unknown}
 l - a scroll of immolation {unknown}
 m - a scroll of identify
 n - a scroll of blinking {unknown}
Potions
 d - a potion of might
 e - a potion of cancellation
 g - a potion of flight
 k - 2 potions of lignification


   Skills:
 + Level 4.7 Fighting
 + Level 4.3 Axes
 + Level 4.4 Armour
 + Level 4.3 Shields


You had 4 spell levels left.
You didn't know any spells.
Your spell library contained the following spells:

 Spells                   Type           Power      Damage    Failure   Level
 Static Discharge         Conj/Air       0%         2-2/arc   63%         2
 Gell's Gravitas          Tloc           0%         N/A       86%         3
 Ozocubu's Armour         Ice            0%         N/A       86%         3
 Teleport Other           Tloc           0%         N/A       86%         3
 Vhi's Electric Charge    Tloc/Air       0%         N/A       86%         3
 Animate Armour           Summ/Erth      0%         N/A       99%         4
 Arcjolt                  Conj/Air       0%         1d10      100%        5
 Blade Hands              Tmut           0%         N/A       100%        5
 Lightning Bolt           Conj/Air       0%         1d11      100%        5
 Metabolic Englaciation   Hex/Ice        0%         N/A       100%        5
 Dispersal                Tloc           0%         N/A       100%        6
 Iron Shot                Conj/Erth      0%         9d1       100%        6
 Simulacrum               Ice/Necr       0%         N/A       100%        6


Dungeon Overview and Level Annotations

Branches:
Dungeon (4/15)
 Temple: D:4-7

Altars:
Fedhas
Ru
Sif Muna

Annotations:
D:3 1 runed translucent door, greasedhog's ghost, amateur SpFi


Message History

Unknown command.
Unknown command.
You feel yourself speed up.
You feel sick. The hound bites you.
* * * LOW HITPOINT WARNING * * *
The gnoll hits you but does no damage.
You are lethally poisoned!
The gnoll hits you but does no damage. The gnoll barely misses you.
You feel very mighty all of a sudden.
* * * LOW HITPOINT WARNING * * *
You feel very sick. The hound bites you but does no damage.
It was a potion of lignification.
You turn into a tree.
Your +0 cloak melds into your body.
Your +1 pair of boots melds into your body.
Your +0 scale mail melds into your body.
Your roots penetrate the ground.
* * * LOW HITPOINT WARNING * * *
You feel sick. The hound bites you.
* * * LOW HITPOINT WARNING * * *
You block the gnoll's attack. The gnoll hits you but does no damage.
You block the gnoll's attack.
You barely miss the gnoll.
The gnoll is heavily wounded.
You slash the gnoll!
You kill the gnoll!
You barely miss the hound.
* * * LOW HITPOINT WARNING * * *
You feel sick. The hound bites you but does no damage.
The gnoll hits you but does no damage.
The gnoll hits you from afar with a +0 halberd.
* * * LOW HITPOINT WARNING * * *
The hound bites you.
* * * LOW HITPOINT WARNING * * *
You hit the gnoll.
The gnoll is severely wounded.
You closely miss the hound.
* * * LOW HITPOINT WARNING * * *
You feel sick. The hound bites you but does no damage.
The gnoll hits you with a +0 flail.
You die...

...... ##.....
...... #....#
#....#
####..g.####..#
......hg)......
#.#)♣###.....
####............
........###..##
####.##......##
#. #.###.....
#####+##.........
#........###..##.
#.............#
#.............#


You could see a hound and 2 gnolls.

Vanquished Creatures
  An orc priest (D:4)
  3 gnolls
  3 adders
  4 worms
  3 dart slugs
  7 orcs
  5 bats
  9 endoplasms
  4 goblins
  9 hobgoblins
  4 jackals (D:2)
  3 quokkas
  4 ball pythons
  2 frilled lizards
  3 kobolds
  4 rats (D:1)
68 creatures vanquished.

Vanquished Creatures (others)
  2 withered plants (D:3)
2 creatures vanquished.

Grand Total: 70 creatures vanquished

Notes
Turn   | Place    | Note
-------+----------+-------------------------------------------
     0 | D:1      | p00ps00p the Hill Orc Fighter began the quest for the Orb.
     0 | D:1      | Reached XP level 1. HP: 19/19 MP: 1/1
    70 | D:1      | Reached XP level 2. HP: 15/27 MP: 2/2
   260 | D:1      | Reached XP level 3. HP: 33/33 MP: 3/3
   780 | D:2      | Reached XP level 4. HP: 31/40 MP: 4/4
   915 | D:2      | Found a sacrificial altar of Ru.
  1296 | D:3      | Found a shimmering blue altar of Sif Muna.
  1319 | D:3      | Found a blossoming altar of Fedhas.
  1382 | D:3      | Found a runed translucent door.
  1384 | D:3      | Noticed greasedhog's ghost (amateur SpFi)
  1402 | D:3      | Found a faded altar of an unknown god.
  1522 | D:3      | Reached XP level 5. HP: 47/47 MP: 5/5
  2097 | D:4      | HP: 3/70 [hound (1)]
  2098 | D:4      | Slain by a gnoll

Illustrated notes

Levels and vault maps discovered:
D:1:      shiori_arrival_oz, layout_rooms, minmay_misc_feat_four_crosses
D:2:      layout_rooms, minmay_hexomino_r4
D:3:      layout_basic, nicolae_overflow_squiral, gammafunk_ghost_grave,
          hellmonk_ecumenical_altar_crossroads
D:4:      layout_basic

Skill      XL: |  1  2  3  4 |
---------------+-------------+-----
Axes           | 3 4 |  4.3
Fighting       | 4 |  4.7
Armour         | 4 |  4.4
Shields        | 4 |  4.3

Action                   |  1- 3 |  4- 6 || total
-------------------------+-------+-------++-------
Melee: War axe           |    92 |   102 ||   194
  Use: Scroll            |     1 |     3 ||     4
       Potion            |       |     3 ||     3
Armor: Scale mail        |    53 |    38 ||    91
       Skin              |       |     4 ||     4
Dodge: Dodged            |    55 |    77 ||   132
Block: Buckler           |    21 |    26 ||    47

Table legend: (Time is in decaauts)
 A = Elapsed time spent in this place.
 B = Non-inter-level travel time spent in this place.
 C = Inter-level travel time spent in this place.
 D = Time resting spent in this place.
 E = Time spent auto-exploring this place.
 F = Levels seen in this place.
 G = Mean time per level.
                   A        B        C        D        E       F      G
               +--------+--------+--------+--------+--------+-----+--------+
         Total |   2166 |   2105 |     61 |     23 |   1583 |   4 |  541.5 |
       Dungeon |   2166 |   2105 |     61 |     23 |   1583 |   4 |  541.5 |
               +--------+--------+--------+--------+--------+-----+--------+

Top non-repeatable levels by time:
     D:3: 947 daAuts
     D:2: 584 daAuts
     D:1: 571 daAuts
     D:4: 64 daAuts
